 Dungeon Crawl Stone Soup version 0.31-a0-960-g0fca184906 (webtiles) character file.

Game seed: 1508396296537367192

224 BinkBink the Shooter (level 5, -3/47 HPs)
             Began as a Minotaur Hunter on Oct 23, 2023.
             Slain by Menkaure (9 damage)
             ... on level 4 of the Dungeon.
             The game lasted 00:03:03 (2941 turns).

BinkBink the Shooter (Minotaur Hunter)              Turns: 2941, Time: 00:03:04

Health: -3/47      AC:  3    Str: 16    XL:     5   Next: 67%
Magic:  4/4        EV: 12    Int:  6    God:
Gold:   213        SH:  0    Dex: 15    Spells: 4/4 levels left

rFire   + . .        a - +0 shortbow
rCold   . . .        (shield currently unavailable)
rNeg    . . .        (no body armour)
rPois   .            (helmet restricted)
rElec   .            (no cloak)
rCorr   .            (no gloves)
SInv    +            o - +2 pair of boots {rampage}
Will    .....        (no amulet)
Stlth   ++           h - ring of see invisible
HPRegen 0.27/turn    d - ring of protection from fire
MPRegen 0.09/turn

%: rampage
@: no status effects
A: horns 2, retaliatory headbutt
a: no special abilities


You were on level 4 of the Dungeon.
You visited 1 branch of the dungeon, and saw 4 of its levels.

You collected 213 gold pieces.

Inventory:

Hand Weapons
 a - a +0 shortbow (weapon)
Armour
 j - a +0 kite shield
 o - a +2 pair of boots of rampaging (worn)
Jewellery
 d - a ring of protection from fire (right hand)
 f - a ring of fire
 h - a ring of see invisible (left hand)
Wands
 k - a wand of charming (9)
Scrolls
 b - 3 scrolls of butterflies
 e - 2 scrolls of identify {unknown}
 l - a scroll of revelation {unknown}
 m - a scroll of vulnerability {unknown}
 n - 2 scrolls of immolation {unknown}
Potions
 c - a potion of heal wounds
 g - a potion of cancellation {unknown}
 i - a potion of degeneration {unknown}
 p - a potion of brilliance {unknown}
 q - a potion of lignification {unknown}
 r - a potion of attraction {unknown}


   Skills:
 + Level 4.6 Fighting
 * Level 6.7 Ranged Weapons
 - Level 2.1 Dodging
 - Level 0.7 Stealth


You had 4 spell levels left.
You didn't know any spells.
Your spell library contained the following spells:

 Spells                   Type           Power      Damage    Failure   Level
 Inner Flame              Hex/Fire       0%         N/A       83%         3
 Ignition                 Fire           0%         3d3       100%        8
 Fire Storm               Conj/Fire      0%         5d1       100%        9


Dungeon Overview and Level Annotations

Branches:
Dungeon (4/15)
 Temple: D:4-7

Altars:
Gozag

Annotations:
D:4 Menkaure


Innate Abilities, Weirdness & Mutations

You have a pair of horns on your head.
You reflexively headbutt those who attack you in melee.


Message History

Menkaure mumbles drily.
You shoot an arrow. The arrow hits Menkaure.
Menkaure is heavily damaged.
You shoot an arrow. The arrow barely misses Menkaure.
Menkaure casts a spell at you. Pain shoots through your body!
You climb upwards.
There is a stone staircase leading down here.
HP restored.
Done exploring.
Things that are here:
3 stones; a +0 whip
There is a stone staircase leading down here.
You climb downwards.
Level annotation: Menkaure
There is a stone staircase leading up here.
Menkaure mumbles drily.
You shoot an arrow.
The arrow hits Menkaure but does no damage.
Menkaure is lightly damaged.
Menkaure casts a spell.
Menkaure seems to speed up.
You shoot an arrow. The arrow hits Menkaure.
Menkaure is moderately damaged.
You shoot an arrow.
The arrow hits Menkaure but does no damage.
Menkaure is moderately damaged.
Menkaure hits you!! Menkaure barely misses you.
You shoot an arrow. The arrow hits Menkaure!
Menkaure is severely damaged.
Menkaure hits you!!
* * * LOW HITPOINT WARNING * * *
You are too injured to fight recklessly!
You are too injured to fight recklessly!
Fire: a) +0 shortbow
Press: ? - help, Q - select action, (/) - cycle Shift-Dir - straight line, f/p - Menkaure
Aim: Menkaure (severely damaged, fast, 77% to hit)
You shoot an arrow. The arrow barely misses Menkaure.
Menkaure hits you!
You die...

.. .. ### . ..###
### #. #. ...## #..
.. #.####..###.#
.### #<..##...##.#
.....
#$##.#.##>####....#
#..#.......#.÷..#
##.M@##.......###
###..##.<...##
#####.##......#
#...#.##†.......#
#.....<....#.##.#
#......#.###.>....
###..#.#.# #####.#.
#.##...# . #†. ###.


You could see Menkaure (fast).

Vanquished Creatures
  A phantom (D:4)
  3 gnolls
  5 adders
  A dart slug (D:2)
  4 ball pythons
  6 bats
  5 endoplasms
  A giant cockroach (D:2)
  6 goblins
  7 hobgoblins
  7 jackals
  10 quokkas
  3 frilled lizards
  3 kobolds
  3 rats
65 creatures vanquished.

Notes
Turn   | Place    | Note
-------+----------+-------------------------------------------
     0 | D:1      | BinkBink the Minotaur Hunter began the quest for the Orb.
     0 | D:1      | Reached XP level 1. HP: 18/18 MP: 0/0
   256 | D:1      | Reached XP level 2. HP: 25/25 MP: 1/1
   674 | D:1      | Reached skill level 5 in Ranged Weapons
  1101 | D:2      | Identified the "Nietooc"
  1116 | D:2      | Reached XP level 3. HP: 31/31 MP: 2/2
  1639 | D:2      | Reached XP level 4. HP: 40/40 MP: 3/3
  1924 | D:3      | Reached skill level 6 in Ranged Weapons
  2421 | D:3      | Found an opulent altar of Gozag.
  2710 | D:3      | Reached XP level 5. HP: 32/46 MP: 4/4
  2798 | D:4      | Noticed a phantom
  2808 | D:4      | Killed a phantom
  2814 | D:4      | Noticed Menkaure
  2941 | D:4      | Slain by Menkaure

Illustrated notes

Levels and vault maps discovered:
D:1:      eino_arrival_tree_alley, layout_basic
D:2:      layout_rooms, chequers_serial_rivers_marsh, nrook_loot_triangle,
          due_unseen_surprise
D:3:      layout_loops_ring, nicolae_gozag_seed_capital, kennysheep_minor_cross,
          wander_ebering_terrifying_dragon_lair
D:4:      layout_rooms, uniq_menkaure

Skill      XL: |  1  2  3  4 |
---------------+-------------+-----
Fighting       | 3 4 |  4.6
Ranged Weapons | 5 6 |  6.7
Dodging        | |  2.1
Stealth        | |  0.7

Action                     |  1- 3 |  4- 6 || total
---------------------------+-------+-------++-------
   Fire: Shortbow          |   119 |    93 ||   212
    Use: Potion            |     1 |       ||     1
 Armour: Skin              |    11 |    27 ||    38
  Dodge: Dodged            |    19 |    24 ||    43

Table legend: (Time is in decaauts)
 A = Elapsed time spent in this place.
 B = Non-inter-level travel time spent in this place.
 C = Inter-level travel time spent in this place.
 D = Time resting spent in this place.
 E = Time spent auto-exploring this place.
 F = Levels seen in this place.
 G = Mean time per level.
                   A        B        C        D        E       F      G
               +--------+--------+--------+--------+--------+-----+--------+
         Total |   2969 |   2783 |    186 |      0 |   2393 |   4 |  742.2 |
       Dungeon |   2969 |   2783 |    186 |      0 |   2393 |   4 |  742.2 |
               +--------+--------+--------+--------+--------+-----+--------+

Top non-repeatable levels by time:
     D:1: 1110 daAuts
     D:3: 1102 daAuts
     D:2: 678 daAuts
     D:4: 79 daAuts
